 Dungeon Crawl Stone Soup version 0.23.2-1-ga50397a (webtiles) character file.

Game seed: 998598364716765282

2097 Borgoz the Skirmisher (level 9, 0/56 HPs)
             Began as a Gargoyle Gladiator on May 26, 2019.
             Was an Initiate of Ashenzari.
             Slain by Harold
             ... wielding a +0 halberd
              (17 damage)
             ... on level 7 of the Dungeon.
             The game lasted 00:07:26 (6276 turns).

Borgoz the Skirmisher (Gargoyle Gladiator)          Turns: 6276, Time: 00:07:27

Health: 0/56       AC: 15    Str: 26    XL:     9   Next: 28%
Magic:  9/9        EV: 13    Int:  9    God:    Ashenzari [......]
Gold:   327        SH:  0    Dex: 11    Spells: 8/8 levels left

rFire    . . .     SeeInvis .   a - +0 quarterstaff
rCold    . . .     Gourm    .   (shield currently unavailable)
rNeg     + . .     Faith    .   n - +0 ring mail
rPois    ∞         Spirit   .   c - +0 helmet
rElec    +         Reflect  .   (no cloak)
rCorr    .         Harm     .   q - +0 pair of gloves (curse)
MR       .....                  (no boots)
Stlth    +.........             (no amulet)
HPRegen  0.18/turn              (no ring)
MPRegen  0.11/turn              (no ring)

@: mighty, marked
A: negative energy resistance 1, electricity resistance, unbreathing,
petrification resistance, rot immunity, AC +6
a: Curse Item, Renounce Religion


You were on level 7 of the Dungeon.
You worshipped Ashenzari.
Ashenzari was noncommittal.
You were near starving.

You visited 2 branches of the dungeon, and saw 8 of its levels.

You collected 327 gold pieces.

Inventory:

Hand Weapons
 a - a +0 quarterstaff (weapon)
Missiles
 d - 3 throwing nets (quivered)
Armour
 c - a +0 helmet (worn)
 n - a +0 ring mail (worn)
 q - a cursed +0 pair of gloves (worn)
Jewellery
 s - a cursed -3 ring of protection
Scrolls
 e - 2 scrolls of identify {unknown}
 h - 2 scrolls of magic mapping {unknown}
 i - 2 scrolls of immolation {unknown}
 j - 2 scrolls of teleportation {unknown}
 k - a scroll of random uselessness {unknown}
 l - 7 scrolls of remove curse
 m - a scroll of blinking {unknown}
 p - 3 scrolls of amnesia
 y - a scroll of enchant armour {unknown}
Potions
 b - 2 potions of heal wounds {unknown}
 g - a potion of might
 o - a potion of berserk rage {unknown}
 r - a potion of haste {unknown}
 t - a potion of mutation {unknown}
 u - a potion of cancellation {unknown}
 v - a potion of magic {unknown}
 w - a potion of lignification {unknown}
 x - a potion of brilliance {unknown}
Comestibles
 f - 11 rations


   Skills:
 + Level 6.8 Fighting
 + Level 6.7 Staves
 - Level 1.7 Throwing
 + Level 6.3 Armour
 + Level 5.5 Dodging


You had 8 spell levels left.
You didn't know any spells.
Your spell library contained the following spells:

 Spells                   Type           Power        Failure   Level  Hunger
 Static Discharge         Conj/Air       #.......     87%         3    ####...
 Lightning Bolt           Conj/Air       #.........   100%        5    ######.
 Ignition                 Fire           #.........   100%        8    #######
 Shatter                  Erth           #.........   100%        9    #######
 Tornado                  Air            #.........   100%        9    #######


Dungeon Overview and Level Annotations

Branches:
Dungeon (7/15)             Temple (1/1) D:6

Altars:
Ashenzari
Cheibriados
Dithmenos
Elyvilon
Fedhas
Gozag
Hepliaklqana
Kikubaaqudgha
Nemelex Xobeh
Qazlal
Ru
Sif Muna
Trog
Uskayaw
Wu Jian
Xom
Yredelemnul
Zin
The Shining One

Annotations:
D:7 Harold


Innate Abilities, Weirdness & Mutations

You are resistant to torment.
Your stone body is resilient. (AC +6)
You are immune to poison.
You resist negative energy. (rN+)
You are resistant to electric shocks. (rElec)
You can survive without breathing.
You are immune to petrification.
You are immune to rotting.


Message History

You sock Harold!
Harold is lightly wounded.
Harold casts a spell at you. A sentinel's mark forms upon you.
Harold is nearby!
You hit Harold.
Harold is lightly wounded.
Harold closely misses you.
You hit Harold.
Harold is moderately wounded.
Harold hits you with a +0 halberd!
You hit Harold.
Harold is moderately wounded.
You barely miss Harold.
Harold is moderately wounded.
Harold hits you with a +0 halberd!
* * * LOW HITPOINT WARNING * * *
You feel very mighty all of a sudden. Harold hits you with a +0 halberd!
You die...

#.# ####.## #...P...###.#.## #.#
##....######....P....÷.<... #.#
##...........##.....###...#.
#.###.......####.#####....###...
#...........##..#...............
#####.......##.#.######...######
##.....###.#.# .....## #
#.....###.#.# ###### #
#.#.#.....@.# # #.#.##..#.@....#
# .#.##..##.###.# # #.# # . #.#
P #.. #.. ###


You could see Harold.

Vanquished Creatures
  A water moccasin (D:7)
  An orc warrior (Temple)
  2 sky beasts
  3 phantoms
  2 necrophages (D:7)
  2 ogres
  A centaur (D:7)
  2 scorpions
  A howler monkey (D:4)
  2 crimson imps (D:7)
  2 bullfrog skeletons (D:6)
  A jelly (D:5)
  2 hounds
  5 orc priests
  6 orc wizards
  A worker ant (D:6)
  A mummy (D:7)
  7 gnolls (D:2)
  10 adders
  4 shadow imps (D:3)
  2 worms
  3 dart slugs
  7 leopard geckos
  26 orcs
  A ball python (D:2)
  5 giant cockroaches
  4 goblins
  8 hobgoblins
  11 jackals
  9 bats
  2 frilled lizards (D:3)
  A jackal skeleton (D:5)
  7 kobolds
  4 rats
146 creatures vanquished.

Vanquished Creatures (others)
  An orc (Temple)
1 creature vanquished.

Grand Total: 147 creatures vanquished

Notes
Turn   | Place    | Note
-------+----------+-------------------------------------------
     0 | D:1      | Borgoz the Gargoyle Gladiator began the quest for the Orb.
     0 | D:1      | Reached XP level 1. HP: 12/12 MP: 1/1
    77 | D:1      | Found a sparkling altar of Nemelex Xobeh.
   407 | D:1      | Reached XP level 2. HP: 14/18 MP: 2/2
   602 | D:1      | Reached skill level 1 in Armour
   727 | D:2      | Reached XP level 3. HP: 17/22 MP: 3/3
  1050 | D:2      | Found a hazy altar of Hepliaklqana.
  1178 | D:2      | Reached XP level 4. HP: 25/27 MP: 4/4
  1383 | D:2      | Reached XP level 5. HP: 6/32 MP: 5/5
  1766 | D:3      | Found a transporter.
  1823 | D:3      | Found a transporter.
  2095 | D:3      | Reached XP level 6. HP: 32/38 MP: 6/6
  2326 | D:4      | Reached XP level 7. HP: 29/44 MP: 7/7
  2540 | D:5      | Entered Level 5 of the Dungeon
  3132 | D:4      | Found a sparkling altar of Nemelex Xobeh.
  3172 | D:4      | Reached skill level 5 in Staves
  3180 | D:4      | Reached skill level 5 in Fighting
  3555 | D:4      | Found a bloodstained altar of Trog.
  3564 | D:4      | Found a hide-covered altar of Uskayaw.
  3936 | D:5      | Reached XP level 8. HP: 46/49 MP: 8/8
  4216 | D:5      | Reached skill level 5 in Armour
  4696 | D:7      | Reached skill level 5 in Dodging
  4835 | D:6      | Found a staircase to the Ecumenical Temple.
  4852 | Temple   | Entered the Ecumenical Temple
  5235 | Temple   | Became a worshipper of Ashenzari the Shackled
  5262 | Temple   | Reached XP level 9. HP: 15/56 MP: 9/9
  6270 | D:7      | Noticed Harold
  6276 | D:7      | Slain by Harold

Skill      XL: |  1  2  3  4  5  6  7  8  9 |
---------------+----------------------------+-----
Armour         | 1 2 3 4 5 6 |  6.3
Fighting       | 3 4 5 6 |  6.8
Dodging        | 3 4 5 |  5.5
Staves         | 4 5 6 |  6.7
Throwing       | |  1.7

Action                   |  1- 3 |  4- 6 |  7- 9 || total
-------------------------+-------+-------+-------++-------
Melee: Quarterstaff      |    63 |   184 |   297 ||   544
Evoke: Wand              |       |     4 |     2 ||     6
  Use: Potion            |       |     3 |     7 ||    10
       Scroll            |       |     1 |       ||     1
  Eat: Chunk             |     1 |     4 |    11 ||    16
Armor: Leather armour    |    15 |       |       ||    15
       Ring mail         |    10 |   119 |   188 ||   317
Dodge: Dodged            |    47 |   199 |   221 ||   467
